[Event "28th WSCC Open 65 2018"]
[Site "Bled"]
[Date "2018.11.18"]
[Round "1"]
[White "Balashov, Yuri S"]
[Black "Valenti, Giuseppe"]
[Result "1-0"]
[ECO "A04"]
[WhiteElo "2445"]
[BlackElo "2003"]
[Annotator "ChessBase"]
[PlyCount "59"]
[EventDate "2018.11.17"]
[EventType "swiss"]
[EventCountry "SLO"]
[SourceTitle "playchess.com"]
[Source "ChessBase"]
[SourceQuality "1"]
[TimeControl "40/5400+30:1800+30"]

1. Nf3 c5 2. c4 e6 3. Nc3 d6 4. d4 cxd4 5. Nxd4 a6 6. e4 Nf6 7. f4 Qc7 8. Be3 Nbd7 9. Rc1 Be7 10. Be2 O-O 11. g4 Rd8 12. g5 Ne8 13. h4 Bf8 14. h5 e5 15. Nd5 Qb8 16. Nf5 Nc5 17. Nfe7+ Bxe7 18. Bxc5 Bf8 19. Bb6 Rd7 20. Bg4 exf4 21. Bxd7 Bxd7 22. h6 g6 23. Qf3 Bc6 24. Qxf4 Qc8 25. O-O Qe6 26. Rc2 f6 27. Rcf2 Rc8 28. Bd4 b5 29. Bxf6 Nc7 30. Bd4 1-0

[Event "28th WSCC Open 65 2018"]
[Site "Bled"]
[Date "2018.11.18"]
[Round "1"]
[White "Birnboim, Nathan"]
[Black "Grahn, Lars"]
[Result "1-0"]
[ECO "A88"]
[WhiteElo "2376"]
[BlackElo "1999"]
[Annotator "NA"]
[PlyCount "59"]
[EventDate "2018.11.17"]
[EventType "swiss"]
[EventCountry "SLO"]
[SourceTitle "playchess.com"]
[Source "ChessBase"]
[SourceQuality "1"]
[TimeControl "40/5400+30:1800+30"]

1. d4 f5 2. c4 Nf6 3. g3 g6 4. Bg2 Bg7 5. Nf3 O-O 6. O-O d6 7. Nc3 c6 8. Qc2 Na6 9. Re1 {A88: Dutch Defence: Leningrad System: 5 Nf3 0-0 6 0-0 d6 7 Nc3 c6} Re8 10. Bf4 $146 ({Predecessor:} 10. Bg5 e5 11. dxe5 dxe5 12. Rad1 Qe7 13. e4 Nc5 14. Qc1 Qf8 15. Nh4 Nfxe4 16. Bxe4 fxe4 17. Nxe4 {1-0 (47) Adly,A (2593)-Anton Guijarro,D (2676) Sharjah 2017}) 10... Nh5 11. Bg5 h6 $1 12. Bd2 e5 13. dxe5 dxe5 14. Rad1 Qc7 15. e4 f4 16. Nh4 Qf7 17. Bf3 g5 18. Nf5 Bf8 19. Na4 Nf6 20. c5 g4 (20... Bxf5 $11 21. exf5 e4) 21. Be2 f3 22. Bf1 Nxe4 23. Bc4 Be6 24. Bxe6 Rxe6 25. Qxe4 Qh5 26. Ne3 Rg6 27. Bc3 Re8 28. Rd7 Ree6 29. b4 Qh3 $18 30. Qc4 1-0

[Event "28th WSCC Open 65 2018"]
[Site "Bled"]
[Date "2018.11.18"]
[Round "1"]
[White "Skok, Joze"]
[Black "Rashkovsky, Nukhim N"]
[Result "0-1"]
[ECO "B23"]
[WhiteElo "2004"]
[BlackElo "2482"]
[Annotator "ChessBase"]
[PlyCount "70"]
[EventDate "2018.11.17"]
[EventType "swiss"]
[EventCountry "SLO"]
[SourceTitle "playchess.com"]
[Source "ChessBase"]
[SourceQuality "1"]
[TimeControl "40/5400+30:1800+30"]

1. e4 c5 2. Nc3 a6 3. a4 Nc6 4. g3 g6 5. Bg2 Bg7 6. Nge2 e6 7. d3 Nge7 8. Be3 Nd4 9. Qd2 Nec6 10. O-O O-O 11. f4 d6 12. Nd1 Rb8 13. Rb1 b5 14. axb5 axb5 15. Kh1 b4 16. b3 Ra8 17. Nxd4 cxd4 18. Bf2 Ra2 19. Nb2 d5 20. Ra1 Ra3 21. Na4 Rxa1 22. Rxa1 dxe4 23. Bxe4 Qc7 24. Kg1 e5 25. fxe5 Nxe5 26. Kg2 Ng4 27. Rf1 h5 28. Bg1 Ne3+ 29. Bxe3 dxe3 30. Qe2 Bd4 31. h3 Be6 32. Rc1 Bxb3 33. Rb1 Qxc2 34. Qxc2 Bxc2 35. Rxb4 e2 0-1

[Event "28th WSCC Open 65 2018"]
[Site "Bled"]
[Date "2018.11.18"]
[Round "1"]
[White "Hewson, Brian W R"]
[Black "Jansa, Vlastimil"]
[Result "0-1"]
[ECO "A49"]
[WhiteElo "2000"]
[BlackElo "2437"]
[Annotator "ChessBase"]
[PlyCount "56"]
[EventDate "2018.11.17"]
[EventType "swiss"]
[EventCountry "SLO"]
[SourceTitle "playchess.com"]
[Source "ChessBase"]
[SourceQuality "1"]
[TimeControl "40/5400+30:1800+30"]

1. d4 Nf6 2. Nf3 g6 3. g3 Bg7 4. Bg2 d5 5. c4 dxc4 6. O-O O-O 7. Na3 Nc6 8. Nxc4 Be6 9. Nce5 Nxe5 10. Nxe5 c6 11. e4 Qb6 12. Qa4 a5 13. Nd3 Rfd8 14. Nc5 Bc8 15. Qc4 Qb4 16. Qxb4 axb4 17. Be3 Ng4 18. Rfd1 b6 19. Nb3 Be6 20. d5 Nxe3 21. fxe3 Bg4 22. Rd2 c5 23. h3 Bd7 24. Bf1 Be5 25. Kg2 Rdc8 26. Rc2 Ra7 27. Nd2 Ba4 28. Nc4 Bxc2 0-1

[Event "28th WSCC Open 65 2018"]
[Site "Bled"]
[Date "2018.11.22"]
[Round "5"]
[White "Iudicello, Giovanni"]
[Black "Barle, Janez"]
[Result "0-1"]
[ECO "A04"]
[WhiteElo "2138"]
[BlackElo "2259"]
[Annotator "NA RC"]
[PlyCount "88"]
[EventDate "2018.11.17"]
[EventType "swiss"]
[EventCountry "SLO"]
[SourceTitle "playchess.com"]
[Source "ChessBase"]
[SourceQuality "1"]
[TimeControl "40/5400+30:1800+30"]

1. Nf3 Nc6 2. g3 d5 3. Bg2 Nf6 4. d3 e5 5. O-O Be7 6. e4 {[%emt 0:16:25] A07: Réti Opening: New York and Capablanca Systems} (6. c4 O-O 7. cxd5 Nxd5 8. Nc3 Nb6 9. Be3 Re8 10. Rc1 Bf8 11. Na4 Nd4 12. Nc5 c6 13. Nb3 Nxb3 14. Qxb3 Be6 15. Qc2 Nd5 16. Bd2 f6 17. a3 a5 18. e4 Nc7 19. Be3 Nb5 20. Rfd1 {1-0 (36) Nakamura,H (2786)-Grigoriants,S (2576) chess.com INT 2017}) 6... dxe4 7. dxe4 Bg4 8. Qxd8+ $146 ({Predecessor:} 8. Nbd2 Qd7 9. c3 Bh3 10. Qb3 Bxg2 11. Kxg2 O-O-O 12. Qc2 h5 13. h4 Nh7 {0-1 (37) Pan,S-Xiao,Y (2226) Zhongshan 2015}) 8... Rxd8 9. Nbd2 Nb4 10. c3 Nd3 11. Nc4 Bxf3 ({Much worse is} 11... Nxe4 $6 12. Nfxe5 {[%mdl 64] Discovered Attack} Nexf2 13. Rxf2 $14) 12. Bxf3 b5 {[%emt 0:00:31] [#]} 13. Ne3 ({White should try} 13. Na5 $1 $16) 13... Bc5 14. Nc2 ({White should try} 14. b4 $14 Bb6 15. a4) 14... Nxc1 15. Raxc1 Rd2 16. Nb4 Bb6 17. Rc2 Rd6 18. Re2 c6 19. Nc2 Ke7 20. Rfe1 Rhd8 21. Ne3 g6 22. Kg2 Rd3 23. Ng4 {[%emt 0:02:15] [#]} Nd7 $1 24. Rc2 f6 25. Be2 Rd6 26. f3 Nc5 27. Nf2 Rd2 28. Rec1 Ne6 29. Nd1 h5 30. Kf1 h4 31. Ke1 hxg3 32. hxg3 R2d7 33. Bf1 Rh8 34. Bg2 Rh2 35. Kf1 Ng7 36. Nf2 Rd8 37. Rd1 Rxd1+ 38. Nxd1 Nh5 39. g4 Nf4 40. Rd2 Ke6 41. b3 Kf7 42. c4 $19 bxc4 43. bxc4 Bd4 44. Nb2 Rxg2 0-1

[Event "28th WSCC Open 65 2018"]
[Site "Bled"]
[Date "2018.11.25"]
[Round "7"]
[White "Vaisser, Anatoli"]
[Black "Ackermann, Hans Werner"]
[Result "1-0"]
[ECO "B07"]
[WhiteElo "2504"]
[BlackElo "2272"]
[Annotator "ChessBase"]
[PlyCount "69"]
[EventDate "2018.11.17"]
[EventType "swiss"]
[EventCountry "SLO"]
[SourceTitle "playchess.com"]
[Source "ChessBase"]
[SourceQuality "1"]
[TimeControl "40/5400+30:1800+30"]

1. d4 d6 2. e4 Nf6 3. Nc3 e5 4. dxe5 dxe5 5. Qxd8+ Kxd8 6. Bc4 Bb4 7. Bxf7 Nxe4 8. Nge2 Rf8 9. Bb3 Bf5 10. Be3 Nd7 11. O-O-O Nxc3 12. bxc3 Bd6 13. Ng3 Bg6 14. h4 Bf7 15. Ne4 Bxb3 16. cxb3 Ke7 17. Bg5+ Ke6 18. Rd2 h6 19. Nxd6 cxd6 20. Rhd1 Nc5 21. Rxd6+ Kf5 22. Be3 Ne4 23. Rd7 Nxc3 24. R1d2 Rac8 25. Kb2 g5 26. hxg5 hxg5 27. Rxb7 a5 28. a4 g4 29. Rg7 Ne4 30. Rd5 Rcd8 31. Rxa5 Nxf2 32. Rg5+ Ke4 33. Raxe5+ Kd3 34. Bc5 Rf7 35. Ka3 1-0

[Event "28th WSCC Open 65 2018"]
[Site "Bled"]
[Date "2018.11.25"]
[Round "7"]
[White "Birnboim, Nathan"]
[Black "Giffard, Nicolas"]
[Result "1-0"]
[ECO "A53"]
[WhiteElo "2376"]
[BlackElo "2249"]
[Annotator "NA"]
[PlyCount "83"]
[EventDate "2018.11.17"]
[EventType "swiss"]
[EventCountry "SLO"]
[SourceTitle "playchess.com"]
[Source "ChessBase"]
[SourceQuality "1"]
[TimeControl "40/5400+30:1800+30"]

1. e4 c6 2. c4 e5 3. Nf3 d6 4. d4 Bg4 5. Be2 Bxf3 6. Bxf3 Be7 7. O-O Nf6 8. Nc3 O-O 9. Be3 Nbd7 10. d5 c5 11. a3 Ne8 12. Qd2 g6 13. Bh6 Ng7 14. Bg4 Nf6 15. Bh3 Kh8 16. b4 b6 17. Rab1 Ng8 18. Bxg7+ Kxg7 19. bxc5 bxc5 20. Rb7 Bg5 21. Qc2 Nf6 22. Rfb1 Kg8 23. Nb5 a6 24. Nc7 Rb8 25. Rxb8 Qxc7 26. R8b6 Ra8 27. g3 h5 28. Kf1 Ra7 29. f3 h4 30. Qa4 hxg3 31. hxg3 Nh5 32. Qe8+ Kh7 33. Kf2 Bh6 34. Qc6 Qe7 35. Bg4 Qg5 36. Bxh5 Qe3+ 37. Kg2 Qe2+ 38. Kh3 gxh5 39. Qxd6 Bg7 40. R6b3 Qxc4 41. Qd8 f6 42. Qe8 1-0

[Event "28th WSCC Open 65 2018"]
[Site "Bled"]
[Date "2018.11.25"]
[Round "7"]
[White "Vogt, Lothar"]
[Black "Nukin, Tolegen"]
[Result "1/2-1/2"]
[ECO "B42"]
[WhiteElo "2359"]
[BlackElo "2171"]
[Annotator "NA"]
[PlyCount "59"]
[EventDate "2018.11.17"]
[EventType "swiss"]
[EventCountry "SLO"]
[SourceTitle "playchess.com"]
[Source "ChessBase"]
[SourceQuality "1"]
[TimeControl "40/5400+30:1800+30"]

1. e4 c5 2. Nf3 e6 3. d4 cxd4 4. Nxd4 a6 5. Bd3 Nf6 6. O-O d6 7. c4 b6 8. Nc3 Bb7 9. f4 Nbd7 10. Qe2 Rc8 11. Kh1 Qc7 12. Bd2 Be7 13. Rae1 O-O 14. b3 Rfd8 15. Nf3 Bf8 16. e5 Bxf3 17. Rxf3 Ne8 18. Bxh7+ Kxh7 19. Rh3+ Kg8 20. Qh5 f6 21. f5 Nc5 22. Qh7+ Kf7 23. Qg6+ Kg8 24. fxe6 Nxe6 25. exf6 Nxf6 26. Nd5 Nxd5 27. Qxe6+ Qf7 28. Rh8+ Kxh8 29. Qxf7 Nf6 30. Re3 1/2-1/2

[Event "28th WSCC Open 65 2018"]
[Site "Bled"]
[Date "2018.11.25"]
[Round "7"]
[White "Renman, Nils-Gustaf"]
[Black "Rashkovsky, Nukhim N"]
[Result "0-1"]
[ECO "E11"]
[WhiteElo "2351"]
[BlackElo "2482"]
[Annotator "ChessBase"]
[PlyCount "60"]
[EventDate "2018.11.17"]
[EventType "swiss"]
[EventCountry "SLO"]
[SourceTitle "playchess.com"]
[Source "ChessBase"]
[SourceQuality "1"]
[TimeControl "40/5400+30:1800+30"]

1. d4 Nf6 2. Nf3 e6 3. c4 Bb4+ 4. Bd2 Qe7 5. g3 Bxd2+ 6. Qxd2 Nc6 7. Nc3 d5 8. cxd5 exd5 9. Bg2 Bg4 10. O-O O-O-O 11. e3 h5 12. b4 Ne4 13. Qb2 Bxf3 14. Bxf3 f5 15. a3 h4 16. Nxe4 dxe4 17. Bd1 Qg5 18. Qe2 hxg3 19. fxg3 Rh3 20. Rf2 Rdh8 21. Rg2 Ne7 22. Bb3 Kb8 23. Qf2 Nc8 24. Rf1 Nd6 25. Qf4 Qf6 26. g4 fxg4 27. Qxg4 Qh6 28. Rg3 Rxh2 29. Qxg7 Rh1+ 30. Kf2 Qxg7 {Kg1} 0-1

[Event "28th WSCC Open 65 2018"]
[Site "Bled"]
[Date "2018.11.25"]
[Round "7"]
[White "Shirazi, Kamran"]
[Black "Srebrnic, Vojko"]
[Result "1/2-1/2"]
[ECO "A05"]
[WhiteElo "2333"]
[BlackElo "2140"]
[Annotator "NA"]
[PlyCount "147"]
[EventDate "2018.11.17"]
[EventType "swiss"]
[EventCountry "SLO"]
[SourceTitle "playchess.com"]
[Source "ChessBase"]
[SourceQuality "1"]
[TimeControl "40/5400+30:1800+30"]

1. Nf3 Nf6 2. g3 g6 3. Bg2 Bg7 4. d3 d6 5. e4 {A05: Réti Opening: 1 Nf3 Nf6} c5 6. e5 dxe5 7. Nxe5 O-O 8. O-O Nbd7 9. Nf3 $146 ({Predecessor:} 9. Nc4 Nb6 10. a4 Nbd5 11. Nbd2 Bg4 12. Nf3 Qc8 13. Re1 Rd8 14. Bd2 Bh3 {1-0 (50) Zvjaginsev,V (2643)-Seliverstov,V (2464) Moscow 2017}) 9... Nb6 10. a4 Nbd5 11. Re1 Nb4 12. Ne5 Nd7 13. Nc4 Nb6 14. Na5 N6d5 15. Nb3 Na6 16. Na3 e6 17. c3 Bd7 18. Nc4 Qc7 19. h4 Rad8 20. Qe2 Bc8 21. h5 Nb8 22. Ne3 Nxe3 23. Bxe3 Na6 24. d4 cxd4 25. Nxd4 b6 26. a5 Nc5 27. h6 Bh8 28. axb6 axb6 29. Bf4 e5 30. Bxe5 Bxe5 31. Qxe5 Qxe5 32. Rxe5 Nd3 33. Re3 Nxb2 34. Nc6 Rd1+ 35. Rxd1 Nxd1 36. Rd3 Nb2 37. Ne7+ Kh8 38. Rd6 Nc4 39. Rc6 Be6 40. Bd5 Ne5 41. Rxb6 Bxd5 42. Nxd5 Ng4 43. c4 Nxh6 44. c5 Rd8 45. Ne3 Nf5 46. Nxf5 gxf5 47. Rd6 Ra8 48. Rd5 Ra3 49. Rxf5 Kg7 50. Kg2 Rc3 51. g4 h6 52. f3 f6 53. Kg3 Kf7 54. Kf4 Ke6 55. Ke4 Rc1 56. Kd4 Rd1+ 57. Kc4 Rf1 58. Kb5 h5 59. c6 Rb1+ {[#]} 60. Kc5 $2 ({White has to play} 60. Ka6 $1 $18) 60... Rc1+ 61. Kb6 h4 62. c7 ({White should play} 62. Kc7 $16) 62... h3 $1 63. Rh5 Kd6 $1 64. Rxh3 Rc6+ 65. Kb5 Rxc7 66. Rh5 Rc3 67. Rf5 Ke6 68. Kb4 Rc1 69. Rf4 Rc2 70. Re4+ Kf7 71. Rc4 Rf2 72. f4 Kg6 73. Kc5 Rg2 74. g5 $11 1/2-1/2

[Event "28th WSCC Open 65 2018"]
[Site "Bled"]
[Date "2018.11.25"]
[Round "7"]
[White "Pushkov, Nikolai"]
[Black "Van Oosten, Arend"]
[Result "1-0"]
[ECO "A25"]
[WhiteElo "2324"]
[BlackElo "2137"]
[Annotator "NA"]
[PlyCount "121"]
[EventDate "2018.11.17"]
[EventType "swiss"]
[EventCountry "SLO"]
[SourceTitle "playchess.com"]
[Source "ChessBase"]
[SourceQuality "1"]
[TimeControl "40/5400+30:1800+30"]

1. c4 e5 2. Nc3 Nc6 3. g3 g6 4. Bg2 Bg7 5. d3 d6 6. Rb1 Be6 7. b4 Qd7 8. b5 Nd8 9. Nf3 {A25: English Opening vs King's Indian with ...Nc6 but without early d3} (9. a4 Ne7 10. Nd5 O-O 11. a5 a6 12. b6 c6 13. Nc7 Rc8 14. Ba3 f5 15. Nf3 h6 16. O-O Bf7 17. c5 {0-1 (41) Venkatesh,M (2509)-Short,N (2697) Bangkok 2012}) 9... Bh3 10. O-O Bxg2 11. Kxg2 Ne7 12. e4 O-O 13. d4 exd4 14. Nxd4 Ne6 15. Be3 Nc5 $146 ({Predecessor:} 15... a6 16. bxa6 b6 17. Nd5 Rxa6 18. Nxe6 fxe6 {0-1 (71) Gomez Jurado,L (2312)-Sundararajan,K (2427) Montcada 2015}) 16. Qc2 f5 17. exf5 Nxf5 18. Nxf5 Rxf5 19. Nd5 c6 20. bxc6 bxc6 21. Nf4 Raf8 22. h3 Be5 23. Ne2 Ne6 24. f4 Bg7 25. Ng1 d5 26. cxd5 cxd5 27. Nf3 d4 28. Rfd1 Rd5 29. Qb3 Kh8 30. Qb7 Rd8 31. Qxd7 R5xd7 32. Bd2 d3 33. Rb5 Kg8 34. Ne5 Bxe5 35. Rxe5 Kf7 36. f5 gxf5 37. Rxf5+ Kg8 38. Re5 Nf8 39. Rg5+ Ng6 40. h4 Rd5 41. h5 Rxg5 42. Bxg5 Rd5 43. hxg6 Rxg5 44. gxh7+ Kxh7 45. Rxd3 Ra5 46. a3 Kg6 47. Kf3 Kf5 48. Re3 Rb5 49. Ke2 Kg4 50. Kd2 Rb2+ 51. Kc3 Rb1 52. Kc4 Rb2 53. a4 Rb1 54. a5 Rb2 55. Re7 Kxg3 56. Rxa7 Kf4 57. Re7 Kf5 58. a6 Kf6 $18 59. Rb7 Ra2 60. a7 Ke6 61. Kc5 {Kd5} 1-0

[Event "28th WSCC Open 65 2018"]
[Site "Bled"]
[Date "2018.11.25"]
[Round "7"]
[White "Buchal, Stephan"]
[Black "Frick, Christoph"]
[Result "0-1"]
[ECO "B12"]
[WhiteElo "2288"]
[BlackElo "2186"]
[Annotator "ChessBase"]
[PlyCount "116"]
[EventDate "2018.11.17"]
[EventType "swiss"]
[EventCountry "SLO"]
[SourceTitle "playchess.com"]
[Source "ChessBase"]
[SourceQuality "1"]
[TimeControl "40/5400+30:1800+30"]

1. e4 c6 2. d4 d5 3. e5 Bf5 4. Nf3 e6 5. Be2 c5 6. c3 Nc6 7. O-O cxd4 8. Nxd4 Nge7 9. Nxf5 Nxf5 10. Bd3 Bc5 11. Qe2 O-O 12. Nd2 Qh4 13. Nf3 Qh5 14. Bf4 Rae8 15. h3 f6 16. Rae1 g5 17. Bh2 g4 18. Nd2 Nh6 19. b4 Bb6 20. b5 Nxe5 21. Bxe5 fxe5 22. Qxe5 Qxe5 23. Rxe5 Nf7 24. Rh5 g3 25. c4 gxf2+ 26. Kh1 Be3 27. Nf3 dxc4 28. Bxc4 Nd6 29. Bd3 Nf5 30. Bxf5 Rxf5 31. Rxf5 exf5 32. g3 Rc8 33. Kg2 Rc2 34. Nh4 Rxa2 35. Nxf5 Bc5 36. g4 Kf7 37. Rb1 Kf6 38. Rc1 b6 39. Ng3 Ke5 40. Rb1 a5 41. bxa6 Rxa6 42. Rb3 Ra1 43. Nf1 Kd5 44. g5 Ke4 45. Rg3 Kf4 46. g6 hxg6 47. Rxg6 b5 48. h4 b4 49. Rf6+ Ke5 50. Rf3 Ra3 51. Rf7 Ra7 52. Rf3 Rg7+ 53. Ng3 Kd5 54. Kf1 Kc4 55. Ke2 b3 56. Rf4+ Kb5 57. Ne4 Re7 58. Kd3 Rxe4 {Kd4} 0-1

[Event "28th WSCC Open 65 2018"]
[Site "Bled"]
[Date "2018.11.25"]
[Round "7"]
[White "Maryasin, Boris"]
[Black "Leskovar, Mario"]
[Result "1-0"]
[ECO "B15"]
[WhiteElo "2284"]
[BlackElo "2242"]
[Annotator "NA"]
[PlyCount "89"]
[EventDate "2018.11.17"]
[EventType "swiss"]
[EventCountry "SLO"]
[SourceTitle "playchess.com"]
[Source "ChessBase"]
[SourceQuality "1"]
[TimeControl "40/5400+30:1800+30"]

1. e4 g6 2. d4 Bg7 3. Nc3 c6 4. Be3 d5 5. f3 dxe4 6. fxe4 Nf6 7. Nf3 Qb6 8. Qd2 O-O 9. Bc4 Ng4 10. Bg5 e5 11. dxe5 Qc5 12. Bb3 Nxe5 13. Nxe5 Bxe5 14. O-O-O Be6 15. Bh6 Bg7 16. Bxg7 Kxg7 17. Bxe6 fxe6 18. Rhf1 Rxf1 19. Rxf1 Qe7 20. Rd1 Na6 21. Qd7 Re8 22. Qd4+ e5 23. Qxa7 Nc5 24. Kb1 Ne6 25. Qe3 Rd8 26. Rxd8 Qxd8 27. a4 Qa5 28. Qh3 Nf8 29. Qc8 Qb6 30. a5 Qa6 31. Qc7+ Kf6 32. b3 Ne6 33. Qxh7 Qxa5 34. Kb2 b6 35. h4 Qc5 36. g4 Nf4 37. Qd7 g5 38. Qf5+ Ke7 39. Qxg5+ Kd7 40. Qg7+ Kc8 41. h5 Qf2 42. Qg8+ Kd7 43. Qf7+ Kd6 44. Qf6+ Kd7 45. Qf5+ 1-0

[Event "28th WSCC Open 65 2018"]
[Site "Bled"]
[Date "2018.11.25"]
[Round "7"]
[White "Barle, Janez"]
[Black "Kiefer, Gerhard"]
[Result "1/2-1/2"]
[ECO "B30"]
[WhiteElo "2259"]
[BlackElo "2306"]
[Annotator "ChessBase"]
[PlyCount "101"]
[EventDate "2018.11.17"]
[EventType "swiss"]
[EventCountry "SLO"]
[SourceTitle "playchess.com"]
[Source "ChessBase"]
[SourceQuality "1"]
[TimeControl "40/5400+30:1800+30"]

1. e4 c5 2. Nf3 e6 3. Nc3 Nc6 4. Bb5 Nge7 5. O-O a6 6. Bxc6 Nxc6 7. d4 cxd4 8. Nxd4 Qc7 9. Re1 Bd6 10. g3 Nxd4 11. Qxd4 O-O 12. e5 Be7 13. Qg4 f5 14. exf6 Rxf6 15. Nd5 Qc5 16. Nxf6+ Bxf6 17. c3 d6 18. Be3 Qc6 19. Rad1 e5 20. Qb4 d5 21. Qc5 Be6 22. Qxc6 bxc6 23. f3 Rd8 24. Bf4 e4 25. fxe4 Bg4 26. exd5 Bxd1 27. Rxd1 cxd5 28. Be3 Rb8 29. Rd2 Kf7 30. Kf2 Ke6 31. Ke2 h5 32. Kd3 h4 33. Bf4 Rb7 34. g4 Rf7 35. Be3 Be5 36. Re2 Rf3 37. Kd2 Kf6 38. Rg2 h3 39. Re2 Rf1 40. Bf2 Rh1 41. Ke3 Bxh2 42. Kf3 Be5 43. Bh4+ Ke6 44. Re1 Rxe1 45. Bxe1 Kd7 46. b4 Kc6 47. a4 g6 48. Kf2 Kd7 49. Kf3 Kc6 50. Kf2 Kd7 51. Kf3 1/2-1/2

[Event "28th WSCC Open 65 2018"]
[Site "Bled"]
[Date "2018.11.25"]
[Round "7"]
[White "Lederman, Leon"]
[Black "Lisenko, Alexander V"]
[Result "1/2-1/2"]
[ECO "B89"]
[WhiteElo "2255"]
[BlackElo "2334"]
[Annotator "NA"]
[PlyCount "86"]
[EventDate "2018.11.17"]
[EventType "swiss"]
[EventCountry "SLO"]
[SourceTitle "playchess.com"]
[Source "ChessBase"]
[SourceQuality "1"]
[TimeControl "40/5400+30:1800+30"]

1. e4 c5 2. Nf3 Nc6 3. d4 cxd4 4. Nxd4 Nf6 5. Nc3 d6 6. Bc4 e6 7. Be3 a6 8. Qe2 Qc7 9. Bb3 Na5 10. O-O-O b5 11. f3 Be7 12. g4 Nxb3+ 13. axb3 Bb7 14. g5 Nd7 15. h4 b4 {B89: Sicilian: Velimirovic Attack} 16. Nb1 Nc5 17. Nd2 a5 $146 ({Predecessor:} 17... g6 18. h5 O-O-O 19. Qh2 e5 20. Ne2 d5 21. hxg6 fxg6 22. exd5 Bxd5 23. Kb1 {1-0 (36) Salceanu,V (2536)-Gebuhr,G (2228) ICCF corr 1976}) 18. Nb5 Qc6 19. Nc4 O-O 20. Nbxd6 Ba6 21. Qh2 a4 22. Bxc5 Qxc5 23. Qe5 Qxe5 24. Nxe5 axb3 25. Nc6 Bxd6 26. Rxd6 Be2 27. Kd2 Bxf3 28. Re1 bxc2 29. Kxc2 f5 30. gxf6 Rxf6 31. Kb3 Rf4 32. Rxe6 Rxh4 33. Kxb4 Rh2 34. b3 Re2 35. Rxe2 Bxe2 36. Nd4 Bf1 37. Re7 Bg2 38. Nf5 g6 39. Nh6+ Kf8 $11 40. Rf7+ Ke8 41. e5 Rb8+ 42. Kc5 Rxb3 43. Rxh7 Rb7 1/2-1/2

[Event "28th WSCC Open 65 2018"]
[Site "Bled"]
[Date "2018.11.25"]
[Round "7"]
[White "Baum, Bernd"]
[Black "Pritchett, Craig W"]
[Result "0-1"]
[ECO "A46"]
[WhiteElo "2252"]
[BlackElo "2286"]
[Annotator "NA"]
[PlyCount "102"]
[EventDate "2018.11.17"]
[EventType "swiss"]
[EventCountry "SLO"]
[SourceTitle "playchess.com"]
[Source "ChessBase"]
[SourceQuality "1"]
[TimeControl "40/5400+30:1800+30"]

1. d4 Nf6 2. Nf3 e6 3. Bg5 b6 4. e3 h6 5. Bh4 c5 6. Nbd2 Be7 7. c3 Nc6 8. Bd3 Bb7 9. O-O cxd4 10. cxd4 O-O 11. a3 Nd5 {A46: 1 d4 Nf6 2 Nf3 e6: Torre, London and Colle Systems} (11... Rc8 12. Qe2 Nh5 13. Bxe7 Qxe7 14. Rac1 Nf6 15. Rc2 Nb8 16. Rfc1 Rxc2 17. Rxc2 Rc8 18. Rxc8+ Bxc8 19. e4 {1-0 (58) Carlsen,M (2837)-Korobov,A (2652) Riadh 2017}) 12. Bxe7 Qxe7 13. Rc1 $146 ({Predecessor:} 13. Qa4 Rfc8 14. Rfc1 Rc7 15. Rc2 Rac8 16. Rac1 a6 17. Bf1 b5 18. Qb3 d6 19. Qd3 {½-½ (28) Malaniuk,V (2510)-Suba,M (2520) Copenhagen 1991}) 13... a6 14. Qe2 b5 15. Nb3 d6 16. Rc2 Rfc8 17. Rfc1 Qd8 18. Qd2 Qb6 19. e4 Nf6 20. e5 dxe5 21. dxe5 Nd7 22. Bh7+ Kxh7 23. Qxd7 Rc7 24. Qd3+ Kg8 25. Nc5 Rd8 26. Qe2 Ne7 27. Nxb7 Rxc2 28. Rxc2 Qxb7 29. h4 Rc8 30. Rxc8+ Qxc8 31. Qd2 Nd5 32. Kh2 Qc4 33. Qd4 Qxd4 34. Nxd4 Nf4 35. b4 Nd3 36. Nc6 Nxf2 37. Nb8 Ng4+ 38. Kg3 Nxe5 39. Nxa6 Nc4 40. Kf4 Nxa3 41. Ke4 f5+ (41... Kf8 $19 {has better winning chances.} 42. Kd4 Ke7) 42. Ke5 Kf7 43. Nc7 Nc4+ 44. Kf4 $2 (44. Kd4 $1 $15) 44... g6 45. Nxb5 e5+ 46. Kg3 Ke6 47. Nc3 Kd6 48. Kf3 h5 49. g3 Kc6 50. Ke2 Nb6 51. Kd2 Nd5 $19 0-1

[Event "28th WSCC Open 65 2018"]
[Site "Bled"]
[Date "2018.11.25"]
[Round "7"]
[White "Kierzek, Matthias"]
[Black "Tunik, Gennady"]
[Result "0-1"]
[ECO "E16"]
[WhiteElo "2182"]
[BlackElo "2365"]
[Annotator "NA"]
[PlyCount "78"]
[EventDate "2018.11.17"]
[EventType "swiss"]
[EventCountry "SLO"]
[SourceTitle "playchess.com"]
[Source "ChessBase"]
[SourceQuality "1"]
[TimeControl "40/5400+30:1800+30"]

1. d4 Nf6 2. c4 e6 3. Nf3 b6 4. g3 Bb7 5. Bg2 c5 6. d5 exd5 7. cxd5 Bxd5 8. Nc3 Bc6 9. e4 d6 10. O-O Be7 11. Nh4 g6 12. Bh6 Bf8 13. Bxf8 Kxf8 14. Qd2 Kg7 15. Rad1 Re8 16. Rfe1 Ng4 17. Qxd6 Qxd6 18. Rxd6 Ne5 19. b3 f6 20. Rdd1 Nf7 21. Nd5 Bxd5 22. exd5 Nd7 23. Re6 Rad8 24. f4 f5 25. Nf3 Nf6 26. Rxe8 Rxe8 27. Ng5 Nd6 28. Ne6+ Kf7 29. h4 Nh5 30. Kf2 h6 31. Bf3 Ng7 32. h5 Nxh5 33. Bxh5 gxh5 34. Rh1 Ne4+ 35. Kf3 Nf6 36. Rd1 Ne4 37. Rh1 Kg6 38. Rxh5 Rxe6 39. dxe6 Kxh5 0-1

[Event "28th WSCC Open 65 2018"]
[Site "Bled"]
[Date "2018.11.25"]
[Round "7"]
[White "Wahlbom, Magnus"]
[Black "Berkovich, Mark A"]
[Result "1/2-1/2"]
[ECO "B12"]
[WhiteElo "2173"]
[BlackElo "2339"]
[Annotator "NA"]
[PlyCount "62"]
[EventDate "2018.11.17"]
[EventType "swiss"]
[EventCountry "SLO"]
[SourceTitle "playchess.com"]
[Source "ChessBase"]
[SourceQuality "1"]
[TimeControl "40/5400+30:1800+30"]

1. e4 c6 2. d4 d5 3. e5 c5 4. dxc5 Nc6 5. Bb5 e6 6. c3 Bxc5 7. Qe2 Nge7 8. Nf3 O-O 9. O-O Ng6 10. Nbd2 f6 11. Nb3 Bb6 12. exf6 Qxf6 13. Bg5 Nf4 14. Bxf6 Nxe2+ 15. Bxe2 gxf6 16. c4 dxc4 17. Bxc4 Kg7 18. Rad1 e5 19. h3 Rd8 20. Rxd8 Bxd8 21. Nc5 Bb6 22. Ne6+ Bxe6 23. Bxe6 Rd8 24. Re1 Nd4 25. Nxd4 Rxd4 26. Re2 h5 27. g4 hxg4 28. hxg4 Kh6 29. Kg2 Kg5 30. Bf5 Rd1 31. Kf3 Rd8 1/2-1/2

[Event "28th WSCC Open 65 2018"]
[Site "Bled"]
[Date "2018.11.26"]
[Round "8"]
[White "Wahlbom, Magnus"]
[Black "Karasev, Vladimir I"]
[Result "1/2-1/2"]
[ECO "B95"]
[WhiteElo "2173"]
[BlackElo "2314"]
[Annotator "RC"]
[PlyCount "115"]
[EventDate "2018.11.17"]
[EventType "swiss"]
[EventCountry "SLO"]
[SourceTitle "playchess.com"]
[Source "ChessBase"]
[SourceQuality "1"]
[TimeControl "40/5400+30:1800+30"]

1. e4 c5 2. Nf3 d6 3. d4 cxd4 4. Nxd4 Nf6 5. Nc3 a6 6. Bg5 e6 7. Qf3 Nbd7 8. O-O-O Qc7 9. Qg3 Rb8 10. f4 h6 11. Bxf6 gxf6 12. Be2 h5 13. Qh4 Qc5 14. Rd3 Bh6 15. Kb1 b5 16. Bxh5 Kf8 17. Be2 Bg7 18. Qg3 b4 19. Na4 Qc7 20. Rhd1 Nb6 21. Nxb6 Rxb6 22. h3 Rg8 23. Bf3 f5 24. Qe1 fxe4 25. Qxe4 d5 26. Qe3 Bh6 27. Ne2 a5 28. g4 Ba6 29. Rd4 Bg7 30. R4d2 Rh8 31. Bg2 Bc3 32. Nd4 Bxd2 33. Rxd2 a4 34. Rd1 Rg8 35. Re1 a3 36. f5 e5 37. Qxe5 Qxe5 38. Rxe5 axb2 39. Rxd5 Bb7 40. Rd8+ Kg7 41. Rxg8+ Kxg8 42. Bxb7 Rxb7 43. Kxb2 Kg7 44. Kb3 Kf6 45. Nc6 Kg5 46. Nxb4 Kh4 47. c4 Kxh3 48. g5 Kg4 49. g6 f6 50. c5 Kxf5 51. c6 Rg7 52. Nd5 Ke6 53. c7 Kd7 54. Nxf6+ Kc8 55. Nd5 Kb7 56. Kc4 Kc8 57. Kd4 Kd7 58. Ke5 1/2-1/2